AoeStats
← Andi

Enclosed

505829186Analyzed
1v1 RM · 21d ago on Sep 11, 2026· 25m 19s· 2 players
Game mode
Random Map
Map size
Tiny (2 player)
Population
200
Speed
Normal
Resources
Standard
Victory
Conquest
Starting age
Dark Age
Ending age
Imperial Age
RankedLock teamsTeams togetherTeam positionsShared explorationLock speedFull tech treeHidden civsTurbo modeCheats
Victory
Defeat
🇦🇺 Sicilians · Australia
934
+17
🇷🇴 Lithuanians · Romania
961
-43
Fabes
5:54 Loom
12:00 Feudal Age
15:10 Double-Bit Axe
16:23 Wheelbarrow
15:36 Horse Collar
19:16 Castle Age
18:04 Bloodlines
18:33 Gold Mining
19:45 Scale Barding Armor
19:53 Forging
20:36 Forging
21:15 Chain Barding Armor
25:48 Chain Barding Armor
Andi
1:28 Loom
12:30 Feudal Age
13:06 Horse Collar
14:04 Wheelbarrow
13:15 Town Watch
13:55 Double-Bit Axe
21:45 Scale Mail Armor
21:59 Forging
Connection lost

Rejoining the realm…

Still unreachable

The connection could not be restored.

Session expired

The server has moved on; the page needs a fresh start.